 Dungeon Crawl Stone Soup version 0.29.0-13-gc9e81de378 (webtiles) character file.

Game seed: 8741286361065303119

1738 gdog the Caller (level 9, -2/65 HPs)
             Began as a Gnoll Summoner on Sept 11, 2022.
             Killed from afar by a steam dragon (21 damage)
             ... with a ball of steam
             ... on level 7 of the Dungeon.
             The game lasted 00:30:17 (7183 turns).

gdog the Caller (Gnoll Summoner)                    Turns: 7183, Time: 00:30:17

Health: -2/65      AC:  8    Str:  9    XL:     9   Next: 5%
Magic:  0/18       EV: 18    Int: 18    God:
Gold:   205        SH:  0    Dex: 12    Spells: 7/20 levels left

rFire   . . .      SeeInvis .   n - +0 dagger (venom)
rCold   . . .      Faith    .   (no shield)
rNeg    . . .      Spirit   +   a - +0 robe
rPois   .          Reflect  .   j - +2 helmet
rElec   .          Harm     .   (no cloak)
rCorr   .          Rampage  .   d - +2 pair of gloves
Will    .....                   (no boots)
Stlth   +++.......              A - amulet of guardian spirit
HPRegen 0.20/turn               i - +4 ring of evasion
MPRegen 0.16/turn               (no ring)

@: no status effects
A: fangs 1, strong nose, distributed training
a: no special abilities


You were on level 7 of the Dungeon.
You visited 1 branch of the dungeon, and saw 6 of its levels.

You collected 205 gold pieces.

Inventory:

Hand Weapons
 b - a +0 sling
 g - a +0 hand axe of freezing
 n - a +0 dagger of venom (weapon)
 o - a +0 whip of freezing
 p - a +1 broad axe
 q - a +0 great sword
 r - a +0 trident
 t - a +0 war axe
 v - a +4 flail
 x - a +0 glaive
Missiles
 y - a throwing net
Armour
 a - a +0 robe (worn)
 d - a +2 pair of gloves (worn)
 j - a +2 helmet (worn)
Jewellery
 i - a +4 ring of evasion (left hand)
 A - an amulet of guardian spirit (around neck)
Wands
 w - a wand of roots (8)
Scrolls
 c - 5 scrolls of identify
 k - a scroll of poison
 m - a scroll of vulnerability
 B - a scroll of enchant armour
 C - a scroll of teleportation
Potions
 e - 2 potions of brilliance
 f - 2 potions of invisibility
 h - 3 potions of curing
 l - 2 potions of attraction
 s - a potion of lignification
 u - 2 potions of berserk rage
 z - a potion of heal wounds


   Skills:
 + Level 4.0 Fighting
 + Level 4.0 Short Blades
 + Level 4.0 Long Blades
 + Level 4.0 Axes
 + Level 4.0 Maces & Flails
 + Level 4.0 Polearms
 + Level 4.0 Staves
 + Level 4.0 Ranged Weapons
 + Level 4.0 Throwing
 + Level 4.0 Armour
 + Level 6.1 Dodging
 + Level 5.8 Stealth
 + Level 4.0 Shields
 + Level 4.0 Unarmed Combat
 + Level 6.4 Spellcasting
 + Level 3.2 Conjurations
 + Level 3.2 Hexes
 + Level 7.9 Summonings
 + Level 3.2 Necromancy
 + Level 3.2 Translocations
 + Level 3.2 Transmutations
 + Level 3.2 Fire Magic
 + Level 3.2 Ice Magic
 + Level 3.2 Air Magic
 + Level 3.2 Earth Magic
 + Level 3.2 Poison Magic
 + Level 4.4 Invocations
 + Level 4.0 Evocations


You had 7 spell levels left.
You knew the following spells:

 Your Spells              Type           Power      Damage    Failure   Level
a - Summon Small Mammal   Summ           100%       N/A       1%          1
b - Call Imp              Summ           34%        N/A       1%          2
c - Call Canine Familiar  Summ           34%        N/A       1%          3
d - Summon Guardian Gole  Hex/Summ       26%        N/A       3%          3
e - Summon Lightning Spi  Summ/Air       26%        N/A       12%         4

Your spell library contained the following spells:

 Spells                   Type           Power      Damage    Failure   Level
 Sting                    Tmut/Pois      68%        1d6       3%          1
 Poisonous Vapours        Pois/Air       34%        N/A       4%          2
 Corpse Rot               Necr/Pois/Air  17%        N/A       30%         4
 Olgreb's Toxic Radiance  Pois           17%        N/A       30%         4


Dungeon Overview and Level Annotations

Branches:
Dungeon (5/15)
 Temple: D:4-7

Altars:
Ashenzari
Kikubaaqudgha
Ru
Trog
Yredelemnul

Shops:
D:1 !

Annotations:
D:3 2 transporters, howech's ghost, amateur DrEE
D:5 2 transporters, Menkaure


Innate Abilities, Weirdness & Mutations

You have very sharp teeth.
Your uncanny sense of smell can sniff out nearby items.
Your experience applies equally to all skills.


Message History

Unknown command.
You hit the ufetubus but do no damage.
The ufetubus is poisoned.
Your punch misses the ufetubus. Your bite misses the ufetubus.
The ufetubus is almost dead.
The ufetubus misses you. The ufetubus barely misses you.
The steam dragon bites you but does no damage.
The steam dragon claws you.
You barely miss the steam dragon.
The steam dragon is lightly wounded.
The ufetubus misses you.
The ufetubus hits you but does no damage.
The ufetubus misses you. The ufetubus hits you.
You barely miss the steam dragon.
The steam dragon is lightly wounded.
The steam dragon bites you but does no damage.
The steam dragon misses you. The ufetubus barely misses you. x2
Unknown command.
Casting: Summon Small Mammal (safe; 1% risk of failure)
Confirm with . or Enter, or press ? or * to list all spells.
A guardian golem appears, shielding your allies.
You kill the ufetubus!
The steam dragon breathes steam at you. The ball of steam hits you.
The steam dragon attacks as you move away!
The steam dragon barely misses you. The steam dragon misses you.
You swap places.
The steam dragon bites you. The steam dragon misses you.
The steam dragon attacks as you move away!
The steam dragon bites you but does no damage.
The steam dragon claws you but does no damage.
The steam dragon breathes steam at you. The ball of steam misses you.
You are engulfed in a cloud of scalding steam.
You are engulfed in a cloud of scalding steam.
* * * LOW HITPOINT WARNING * * *
Casting: Summon Guardian Golem (dangerous; 3% risk of failure)
Confirm with . or Enter, or press ? or * to list all spells.
You don't have enough magic to cast this spell.
The steam dragon breathes steam at you. The ball of steam hits you!!
You die...

..#~~...# #.# #.#..###
..~![~..# #.#
#.#.##.###### ..~..~..#
#.# #.#.#........
...~~#..#
##.####............
....K..###...§.........#
..... #....§....#.#.÷##
##''# #>#§.######.#.##
#...# ##...######.#.#
#.)## ##...9D§§@<..#.#
#.#.###.###.########.#
#.##§#.####.# #.#
#.....9..)..# #.#
#####.####### #.# #.#
#.# #.# #.# #.# #.# #.#
#.#


There were no monsters in sight!

Vanquished Creatures
  A bullfrog (D:7)
  An orc wizard (D:7)
  Natasha (D:3)
  An adder (D:4)
  2 ufetubi
  A dart slug (D:4)
  7 orcs
  2 endoplasms
  A goblin (D:3)
  A jackal (D:3)
  A quokka (D:3)
19 creatures vanquished.

Vanquished Creatures (collateral kills)
  A black bear (D:5)
  A sky beast (D:7)
  A necrophage (D:5)
  An orc priest (D:3)
  Natasha (twice) (D:3)
  An orc wizard (D:3)
  3 gnolls (D:3)
  5 adders
  A white imp (D:5)
  A worm (D:2)
  5 dart slugs
  7 orcs
  A ball python (D:3)
  4 bats
  7 endoplasms
  2 giant cockroaches
  5 goblins
  5 hobgoblins
  11 jackals
  2 quokkas
  2 frilled lizards
  3 kobolds
  7 rats
78 creatures vanquished.

Vanquished Creatures (others)
  Pikel (D:4)
  A kobold brigand (D:7)
  A bullfrog (D:7)
  6 killer bees (D:7)
  An orc priest (D:7)
  2 jellies
  A gnoll bouda (D:5)
  An iguana (D:5)
  9 gnolls (D:5)
  An adder (D:4)
  2 orcs (D:7)
  A goblin (D:4)
27 creatures vanquished.

Grand Total: 124 creatures vanquished

Notes
Turn   | Place    | Note
-------+----------+-------------------------------------------
     0 | D:1      | gdog the Gnoll Summoner began the quest for the Orb.
     0 | D:1      | Reached XP level 1. HP: 13/13 MP: 6/6
   121 | D:1      | Found a faded altar of an unknown god.
   141 | D:1      | Reached XP level 2. HP: 19/19 MP: 4/7
   701 | D:1      | Reached skill level 5 in Spellcasting
   701 | D:1      | Reached XP level 3. HP: 25/25 MP: 7/9
   988 | D:1      | Found Dieqoy's Distillery.
  1136 | D:2      | Reached skill level 1 in Invocations
  1146 | D:2      | Learned a level 2 spell: Call Imp
  1150 | D:2      | Learned a level 3 spell: Call Canine Familiar
  1154 | D:2      | Learned a level 3 spell: Summon Guardian Golem
  1343 | D:2      | Reached skill level 1 in Fighting
  1343 | D:2      | Reached skill level 1 in Short Blades
  1343 | D:2      | Reached skill level 1 in Long Blades
  1343 | D:2      | Reached skill level 1 in Axes
  1343 | D:2      | Reached skill level 1 in Maces & Flails
  1343 | D:2      | Reached skill level 1 in Polearms
  1343 | D:2      | Reached skill level 1 in Staves
  1343 | D:2      | Reached skill level 1 in Ranged Weapons
  1343 | D:2      | Reached skill level 1 in Throwing
  1343 | D:2      | Reached skill level 1 in Armour
  1343 | D:2      | Reached skill level 1 in Shields
  1343 | D:2      | Reached skill level 1 in Unarmed Combat
  1343 | D:2      | Reached skill level 1 in Evocations
  1458 | D:2      | Reached XP level 4. HP: 32/32 MP: 6/11
  1840 | D:2      | Reached skill level 1 in Conjurations
  1840 | D:2      | Reached skill level 1 in Hexes
  1840 | D:2      | Reached skill level 1 in Necromancy
  1840 | D:2      | Reached skill level 1 in Translocations
  1840 | D:2      | Reached skill level 1 in Transmutations
  1840 | D:2      | Reached skill level 1 in Fire Magic
  1840 | D:2      | Reached skill level 1 in Ice Magic
  1840 | D:2      | Reached skill level 1 in Air Magic
  1840 | D:2      | Reached skill level 1 in Earth Magic
  1840 | D:2      | Reached skill level 1 in Poison Magic
  2735 | D:3      | Found a transporter.
  2736 | D:3      | Noticed howech's ghost (amateur DrEE)
  2738 | D:3      | Noticed an ogre
  2738 | D:3      | Noticed an ogre
  2738 | D:3      | Noticed an ogre
  2741 | D:3      | Found a transporter.
  2845 | D:3      | Reached XP level 5. HP: 37/37 MP: 3/12
  3367 | D:3      | Noticed Natasha
  3376 | D:3      | Killed Natasha
  3446 | D:3      | Reached XP level 6. HP: 44/44 MP: 7/13
  3491 | D:3      | Learned a level 4 spell: Summon Lightning Spire
  3713 | D:3      | Noticed Natasha
  3724 | D:3      | Killed Natasha
  3725 | D:3      | Reached skill level 5 in Dodging
  3946 | D:3      | Noticed Natasha
  3953 | D:3      | Killed Natasha
  4004 | D:3      | Found a broken altar of Ashenzari.
  4004 | D:3      | Found a sacrificial altar of Ru.
  4005 | D:3      | Found a bloodstained altar of Trog.
  4222 | D:4      | Noticed Pikel
  4239 | D:4      | HP: 1/44 [something/bolt of acid (17)]
  4272 | D:4      | Killed Pikel
  4273 | D:4      | Reached skill level 5 in Stealth
  4273 | D:4      | Reached XP level 7. HP: 39/51 MP: 7/15
  5221 | D:5      | Entered Level 5 of the Dungeon
  5289 | D:5      | Reached XP level 8. HP: 58/58 MP: 6/16
  5653 | D:5      | Found a transporter.
  5653 | D:5      | Found a basalt altar of Yredelemnul.
  5653 | D:5      | Noticed a vampire
  5656 | D:5      | Noticed Menkaure
  5669 | D:5      | Found an ancient bone altar of Kikubaaqudgha.
  5821 | D:5      | Found a transporter.
  6482 | D:5      | You fall into a shaft and drop 2 floors!
  7139 | D:7      | Reached XP level 9. HP: 65/65 MP: 10/18
  7183 | D:7      | Killed from afar by a steam dragon

Illustrated notes

Levels and vault maps discovered:
D:1:      shiori_arrival_elements, layout_loops_ring, serial_shops,
          nicolae_shop_behind_doors, ebering_ecumenical_altar_rust
D:2:      layout_basic
D:3:      layout_rooms, gammafunk_temple_overflow_claw, gammafunk_ghost_smash,
          minmay_increasing_density, uniq_natasha
D:4:      layout_loops_ring, uniq_pikel
D:5:      layout_loops_corners, gammafunk_temple_of_torment,
          grunt_decor_junction
D:7:      layout_loops_ring, chequers_serial_rivers_small_3,
          dreamdust_wishing_well, kennysheep_generic_room_7

Skill      XL: |  1  2  3  4  5  6  7  8  9 |
---------------+----------------------------+-----
Spellcasting   | 5 6 |  6.4
Invocations    | 1 2 3 4 |  4.4
Fighting       | 1 2 3 4 |  4.0
Short Blades   | 1 2 3 4 |  4.0
Long Blades    | 1 2 3 4 |  4.0
Axes           | 1 2 3 4 |  4.0
Maces & Flails | 1 2 3 4 |  4.0
Polearms       | 1 2 3 4 |  4.0
Staves         | 1 2 3 4 |  4.0
Ranged Weapons | 1 2 3 4 |  4.0
Throwing       | 1 2 3 4 |  4.0
Armour         | 1 2 3 4 |  4.0
Shields        | 1 2 3 4 |  4.0
Unarmed Combat | 1 2 3 4 |  4.0
Evocations     | 1 2 3 4 |  4.0
Conjurations   | 1 2 3 |  3.2
Hexes          | 1 2 3 |  3.2
Necromancy     | 1 2 3 |  3.2
Translocations | 1 2 3 |  3.2
Transmutations | 1 2 3 |  3.2
Fire Magic     | 1 2 3 |  3.2
Ice Magic      | 1 2 3 |  3.2
Air Magic      | 1 2 3 |  3.2
Earth Magic    | 1 2 3 |  3.2
Poison Magic   | 1 2 3 |  3.2
Dodging        | 5 6 |  6.1
Stealth        | 5 |  5.8
Summonings     | |  7.9

Action                   |  1- 3 |  4- 6 |  7- 9 || total
-------------------------+-------+-------+-------++-------
Melee: Unarmed           |     7 |       |       ||     7
       Dagger            |    17 |    45 |    37 ||    99
       Bite              |     3 |     3 |     3 ||     9
       Punch             |       |     1 |     1 ||     2
 Cast: Summon Small Mamm |    39 |    35 |    21 ||    95
       Call Canine Famil |     3 |    19 |    12 ||    34
       Call Imp          |     3 |    13 |     6 ||    22
       Summon Guardian G |       |    11 |    29 ||    40
  Use: Scroll            |     3 |     5 |    11 ||    19
       Potion            |       |     4 |       ||     4
 Stab: Sleeping          |     1 |     1 |     2 ||     4
Armor: Robe              |    13 |    18 |    25 ||    56
Dodge: Dodged            |    24 |    30 |    52 ||   106
